 Dungeon Crawl Stone Soup version 0.18-a0-1689-g473dde0 (webtiles) character file.

75 Oddball22 the Sneak (level 4, -2/23 HPs)
             Began as a Vine Stalker Assassin on Apr 5, 2016.
             Slain by an orc
             ... wielding a +0 whip
              (5 damage)
             ... on level 3 of the Dungeon.
             The game lasted 00:14:00 (1636 turns).

Oddball22 the Sneak (Vine Stalker Assassin)         Turns: 1636, Time: 00:14:01

Health: -2/23      AC:  3    Str: 13    XL:     4   Next: 31%
Magic:  0/5        EV:  7    Int: 11    God:
Gold:   144        SH:  0    Dex: 17    Spells: 0 memorised, 3 levels left

rFire  + . .     SeeInvis .     a - +2 dagger
rCold  x . .     Gourm    .     c - +0 robe
rNeg   . . .     Faith    .     (no shield)
rPois  .         Spirit   +     (no helmet)
rElec  .         Dismiss  .     d - +0 cloak
rCorr  .         Reflect  .     (no gloves)
SustAt .         Harm     .     (no boots)
MR     .....                    (no amulet)
Stlth  +++.......               w - ring of wizardry
                                n - ring of fire

@: not resistant to hostile enchantments, fairly stealthy
A: fangs 2, regeneration 1, magic shield, antimagic bite, no device heal 3, rot
immunity
a: no special abilities


You were on level 3 of the Dungeon.
You were not hungry.

You visited 1 branch of the dungeon, and saw 3 of its levels.

You collected 144 gold pieces.

Inventory:

Hand Weapons
 a - a +2 dagger (weapon)
 b - a +0 blowgun
Missiles
 e - 8 poisoned needles
 f - 10 curare-tipped needles
 t - 10 bolts
Armour
 c - a +0 robe (worn)
 d - a +0 cloak (worn)
Jewellery
 n - a ring of fire (left hand)
 w - a ring of wizardry (right hand)
Scrolls
 o - a scroll of magic mapping {unknown}
 p - a scroll of random uselessness {unknown}
 q - a scroll of teleportation {unknown}
 s - 3 scrolls of identify {unknown}
 y - a scroll of remove curse {unknown}
Potions
 h - a potion of haste {unknown}
 j - a potion of magic {unknown}
 l - a potion of agility {unknown}
 m - 2 potions of might {unknown}
 u - a potion of cancellation {unknown}
 x - a potion of brilliance {unknown}
Miscellaneous
 r - a plain deck of changes
Comestibles
 g - 3 bread rations
 i - a beef jerky
 k - a meat ration
 v - 3 chunks of flesh


   Skills:
 + Level 2.4 Fighting
 * Level 3.0 Short Blades
 - Level 1.8 Throwing
 + Level 1.7 Dodging
 - Level 4.9 Stealth


You had 3 spell levels left.
You didn't know any spells.

Dungeon Overview and Level Annotations

Branches:
Dungeon (3/15)

Altars:
Nemelex Xobeh


Innate Abilities, Weirdness & Mutations

You have extremely sharp teeth.
Your natural rate of healing is unusually fast.
When hurt, damage is shared between your health and your magic reserves.
Your bite disrupts and absorbs the magic of your enemies.
Potions and wands cannot restore your health.
You are immune to rotting.


Message History

The orc hits you with a flail! The orc closely misses you.
You hit the orc.
The orc is heavily wounded.
The kobold barely misses you. The orc closely misses you.
The orc hits you but does no damage.
You hit the orc.
You kill the orc!
The kobold hits you but does no damage. The orc hits you with a whip.
You hit the orc. You bite the orc. You drain its power.
You feel invigorated.
The orc is almost dead.
The orc hits you with a dagger. The kobold closely misses you.
The orc hits you with a whip.
* * * LOW HITPOINT WARNING * * *
You are too injured to fight recklessly!
The orc hits you with a whip.
* * * LOW HITPOINT WARNING * * *
The orc hits you with a dagger.
* * * LOW HITPOINT WARNING * * *
The orc hits you with a whip.
You die...

.. .. #. #.
##( # #.s #
#.(#K##.###
#...o@....#
##..oo#%#.#
##.... ..
#.#.#. .#
#.#.... #
#.##. .# #
. .. .. ..


You could see 3 orcs, a giant cockroach and a kobold.

Vanquished Creatures
  A hound zombie (D:2)
  2 adders (D:2)
  2 worms (D:2)
  A dart slug (D:1)
  2 giant geckos (D:2)
  2 orcs (D:3)
  A giant cockroach (D:2)
  4 hobgoblins
  3 quokkas (D:2)
  5 bats
  A giant cockroach zombie (D:2)
  A giant gecko skeleton (D:2)
  2 goblins
  A jackal skeleton (D:2)
  6 kobolds
  A rat (D:1)
35 creatures vanquished.

Notes
Turn   | Place    | Note
--------------------------------------------------------------
     0 | D:1      | Oddball22 the Vine Stalker Assassin began the quest for the Orb.
     0 | D:1      | Reached XP level 1. HP: 11/11 MP: 2/2
   242 | D:1      | Reached skill level 1 in Dodging
   255 | D:1      | Reached XP level 2. HP: 15/15 MP: 3/3
   998 | D:2      | Reached XP level 3. HP: 12/18 MP: 4/4
  1367 | D:2      | Found a sparkling altar of Nemelex Xobeh.
  1491 | D:2      | Reached XP level 4. HP: 13/23 MP: 3/5
  1636 | D:3      | Slain by an orc

Vault maps used:
D:1:      minmay_arrival_shattered_statue, minmay_misc_feat_more_columns,
          serial_bayou_pond_d, minivault_5
D:2:      nemelex_deck, serial_undead, serial_undead_e, serial_undead_f,
          serial_undead_e, serial_undead_b, first_bread
D:3:      nicolae_qazlal_style_of_elements

Skill      XL: |  1  2  3 |
---------------+----------+-----
Short Blades   | 2 3 |  3.0
Dodging        | 1 |  1.7
Fighting       | 2 |  2.4
Throwing       | |  1.8
Stealth        | |  4.9

Action                   |  1- 3 |  4- 6 || total
-------------------------+-------+-------++-------
Melee: Dagger            |   131 |    13 ||   144
 Stab: Sleeping          |     8 |       ||     8
  Eat: Chunk             |     2 |       ||     2
